Unix NetHack Version 5.0.0-0 post-release - last build Jun 10 2026 00:39:30 (3ee93aec679c4c4259841fe613dc97188e26a321,branch:main).

Game began 2026-06-22 12:50:57, ended 2026-06-22 13:46:22.

Drastanta, neutral male human Barbarian

                                  ----------
                                  |..(......####         ------
  ------          ---------       |........|#############.^....#
  |.....#         |.......|       |.........#########    |....|##
  |....|##        |.......|   ####...{.....|             |....| #
  |....-###0######........|  ##   ----.-----             |...)| #   -----
  -|---- #######  |.......|  #        ####               -....| ##  |...|
   ##             |........###           ##              -.----  #  |...|
    #            #-.......|               #              0##     #  |...----
    #            #---------               #               #      ###|......|
    #            #                        #####          ##        #-......|
    ##      ######                    ----.-------       #          |......|
   --.--  ###                         |./.).))._(|      -.----      |...----
   |....###                           |.....@j....######-....|      |...|
   |..{|                              |.....f)...|      |....|      |.>.|
   |...|                              ------------      |....|      -----
   -----                                                ------

Drastanta the Bandit       St:18/01 Dx:18 Co:18 In:7 Wi:8 Ch:6  Neutral
Dlvl:5  $:281 HP:0(79) Pw:16(16) AC:10 Xp:7 T:4680 

Latest messages:
 What do you want to ready? [$a or ?*] 6
 Count: 0 <esc>
 Never mind.
 What do you want to drop? [$a-hj-oqrtvA-FIJMP-RXY or ?*] Q
 You drop an uncursed wand of create monster.
 The housecat drops an arrow.
 You swap places with your housecat.
 You see here an arrow.
 You see here an arrow.
 The housecat picks up an arrow.
 You see here an elven dagger.
 You smite the blue jelly!
 You smite the blue jelly!
 You are suddenly very cold!
 You smite the blue jelly!
 You smite the blue jelly!
 You are suddenly very cold!
 You see here an elven dagger.
 You smite the blue jelly!
 You are suddenly very cold!
 You see here an arrow.
 You swap places with your housecat.
 The housecat drops an arrow.
 What do you want to zap? [jqrY or ?*] ?
 In what direction? 6
 The bolt of cold hits the blue jelly.
 You climb up the stairs.
 The housecat misses the rock mole.
 The housecat misses the rock mole.
 The housecat misses the rock mole.
 The housecat misses the rock mole.
 The housecat misses the rock mole.
 The housecat bites the rock mole.
 The rock mole bites the housecat.
 You smite the rock mole!
 You miss the rock mole.
 You miss the rock mole.
 You kill the rock mole!
 What do you want to put on? [BJ or ?*] B
 You are now wearing a towel around your head.
 You can't see any more.
 You were wearing an uncursed towel.
 You can see again.
 You descend the stairs.
 You smite the blue jelly.
 You smite the blue jelly!
 You are suddenly very cold!
 You die...
 Do you want your possessions identified? [ynq] (y) y
 Do you want to see your attributes? [ynq] (y) q

Inventory:
 Coins    ('$')
  $ - 281 gold pieces
 Weapons  (')')
  h - a +0 elven arrow
  b - a +0 axe (weapon in right hand)
  a - a +0 two-handed sword
 Armor    ('[')
  l - an uncursed +1 dwarvish iron helm
  k - an uncursed +0 pair of iron shoes
  c - an uncursed +0 ring mail
 Comestibles  ('%')
  d - an uncursed food ration
 Scrolls  ('?')
  o - an uncursed scroll of destroy armor
  m - an uncursed scroll of fire
  n - an uncursed scroll of identify
  I - an uncursed scroll of magic mapping
  g - an uncursed scroll of remove curse
  X - an uncursed scroll of teleportation
 Potions  ('!')
  f - an uncursed potion of blindness
  M - 3 uncursed potions of healing
  e - an uncursed potion of object detection
  E - a blessed potion of restore ability
  R - an uncursed potion of restore ability
  P - an uncursed potion of water
 Rings    ('=')
  J - an uncursed ring of poison resistance
 Wands    ('/')
  r - a blessed wand of cold (0:3)
  Y - a wand of digging (0:6)
  j - a wand of light (0:11)
  q - a wand of secret door detection (0:11)
 Tools    ('(')
  F - an uncursed lock pick
  D - an uncursed oil lamp
  t - an uncursed tallow candle
  C - an uncursed tin whistle
  B - an uncursed towel
 Gems/Stones  ('*')
  A - an uncursed luckstone
  v - 2 uncursed touchstones

Drastanta the Barbarian's attributes:

Background:
 You were a Bandit, a level 7 male human Barbarian.
 You were neutral, on a mission for Crom
 who was opposed by Mitra (lawful) and Set (chaotic).
 You were right-handed.
 You were in the Dungeons of Doom, on level 5.
 You entered the dungeon 4680 turns ago.
 You had 1093 experience points, 187 more were needed to attain level 8.

Basics:
 You had 0 out of 79 hit points.
 You had all 16 energy points (spell power).
 Your armor class was 10.
 Your wallet contained 281 zorkmids.
 Autopickup was on for '$' plus thrown.

Final Characteristics:
 Your strength was 18/01 (limit:18/100).
 Your dexterity was 18 (limit:18).
 Your constitution was 18 (limit:18).
 Your intelligence was 7 (limit:18).
 Your wisdom was 8 (limit:18).
 Your charisma was 6 (limit:18).

Final Status:
 You weren't hungry.
 You were unencumbered.
 You were wielding an axe.
 You had basic skill with axe and could have enhanced that.
 You weren't wearing any armor.

Final Attributes:
 You were piously aligned.
 You were poison resistant.
 You were telepathic.
 You were fast.
 You were lucky.
 You had extra luck.
 Bad luck did not time out for you.
 Good luck did not time out for you.
 You are dead.

Miscellaneous:
 You encountered 2 bones levels.
 Total elapsed playing time was 55 minutes and 24 seconds.

Major events:
 Turn
    1: Drastanta the neutral male human Barbarian entered the dungeon
 1083: entered the Gnomish Mines
 1091: attained the rank of Pillager (level 3)
 1721: attained the rank of Bandit (level 6)
 1926: reached Mine Town
 4680: killed by a blue jelly

You didn't know any spells.

Skills:
 Fighting Skills
   bare handed combat [Basic]
   two weapon combat  [Unskilled]
   riding             [Unskilled]
 Weapon Skills
   dagger             [Unskilled]
   axe                [Basic]
   pick-axe           [Unskilled]
   short sword        [Unskilled]
   broadsword         [Unskilled]
   long sword         [Unskilled]
   two-handed sword   [Skilled]
   saber              [Unskilled]
   club               [Unskilled]
   mace               [Unskilled]
   morning star       [Unskilled]
   flail              [Unskilled]
   hammer             [Unskilled]
   quarterstaff       [Unskilled]
   spear              [Unskilled]
   trident            [Unskilled]
   bow                [Unskilled]
 Spellcasting Skills
   attack spells      [Unskilled]
   escape spells      [Unskilled]

Voluntary challenges:
 Character rerolling was not enabled.
 You never genocided any monsters.
 You never polymorphed an object.
 You never changed form.
 You used no wishes.
Achievements:
 You entered the Gnomish Mines.
 You attained the rank of Pillager.
 You attained the rank of Bandit.
 You entered Minetown.

 The Dungeons of Doom: levels 1 to 7
    Level 1:
    Level 2:
       A fountain.
    Level 3:
       A fountain, a grave.
       Stairs down to The Gnomish Mines.
    Level 4:
    Level 5: <- You were here.
       An altar to Crom, some sinks.
       Final resting place for
          you, killed by a blue jelly.
    Level 6:
       A fountain.
    Level 7:
       A grave.
       Final resting place for
          Qhaz-Hea-Hum-Mal-Neu, killed by a giant spider, while fainted from lack of food.
 The Gnomish Mines: levels 4 to 6
    Level 4:
    Level 5:
    Level 6:
       An altar, some fountains, a grave.
       Final resting place for
          geegz-Sam-Hum-Mal-Law, killed by a mumak.


Vanquished creatures:
  2 tengu
  a giant beetle
  a wolf
 an iron piercer
  2 gnome rulers
  a lizard
  a dingo
  a housecat
  a dwarf leader
  a dust vortex
  a raven
  2 snakes
  a bugbear
  a mountain nymph
  7 Mordor orcs
  2 orc shamans
  a rock piercer
  a rock mole
  a fog cloud
  a yellow light
  2 gnome leaders
  a ghoul
  a giant ant
  2 floating eyes
  a kitten
  5 dwarves
  a kobold leader
  5 hill orcs
  a rabid rat
  a wererat
  a werejackal
 an iguana
  a gas spore
  2 hobbits
  a large kobold
  2 giant rats
  a yellow mold
 18 gnomes
  a gecko
 12 jackals
  2 foxes
  a kobold
  a goblin
  4 sewer rats
  2 grid bugs
  6 lichens
  a kobold zombie
  7 newts
114 creatures vanquished.

No species were genocided or became extinct.

Game over:
                       ----------
                      /          \
                     /    REST    \
                    /      IN      \
                   /     PEACE      \
                  /                  \
                  |    Drastanta     |
                  |      281 Au      |
                  | killed by a blue |
                  |      jelly       |
                  |                  |
                  |                  |
                  |       2026       |
                 *|     *  *  *      | *
        _________)/\\_//(\/(/\)/\//\/|_)_______

Goodbye Drastanta the Barbarian...

You died in The Dungeons of Doom on dungeon level 5 with 4965 points,
and 281 pieces of gold, after 4680 moves.
You were level 7 with a maximum of 79 hit points when you died.

